 Dungeon Crawl Stone Soup version 0.31.0-12-g77e489cdc1 (webtiles) character file.

Game seed: 1094301194387450966

21 ChrisAssaf the Changeling (level 2, -3/7 HPs)
             Began as a Human Shapeshifter on Feb 28, 2024.
             Slain by a ribbon worm (4 damage)
             ... on level 2 of the Dungeon.
             The game lasted 00:03:40 (919 turns).

ChrisAssaf the Changeling (Human Shapeshifter)       Turns: 919, Time: 00:03:40

Health: -3/7       AC:  0    Str: 14    XL:     2   Next: 83%
Magic:  2/2        EV: 12    Int: 10    God:
Gold:   37         SH:  0    Dex: 12    Spells: 1/1 levels left

rFire   . .          .
                       - Unarmed
rCold   . . .        (shield currently unavailable)
rNeg    . . .        a - +0 animal skin
rPois   .            (no helmet)
rElec   .            (no cloak)
rCorr   .            (gloves currently unavailable)
SInv    .            (no boots)
Will    .....        (no amulet)
Stlth   +            (no ring)
HPRegen 0.21/turn    (no ring)
MPRegen 0.08/turn

%: no passive effects
@: blade hands
A: reduced hp, explore regen
a: Begin Untransformation


You were on level 2 of the Dungeon.
You had blades for hands.
You visited 1 branch of the dungeon, and saw 2 of its levels.

You collected 37 gold pieces.

Inventory:

Armour
 a - a +0 animal skin (worn)
Talismans
 c - a beast talisman
 d - a flux talisman
 g - a blade talisman (active)
Potions
 e - a potion of mutation {unknown}
 f - a potion of ambrosia
 h - a potion of curing {unknown}


   Skills:
 * Level 1.1 Fighting
 * Level 0.3 Armour
 * Level 2.1 Dodging
 * Level 0.3 Stealth
 * Level 3.2 Unarmed Combat
 * Level 3.3 Shapeshifting


You had one spell level left.
You didn't know any spells.
Your spell library was empty.

Dungeon Overview and Level Annotations

Branches:
Dungeon (2/15)

Altars:


Innate Abilities, Weirdness & Mutations

You have blades for hands.
Your maximum health is decreased, since you lack skill for your form.
You are incapable of wielding weapons or throwing items.
You regain HP and MP as you explore.


Message History

There is a stone staircase leading up here.
Found a dagger.
You see here a +0 dagger.
A ribbon worm comes into view.
The ribbon worm expels a string of sticky webbing.
The stream of webbing hits you but does no damage.
You are caught in a web!
There is a web here.
The web tears apart.
The ribbon worm expels a string of sticky webbing.
The stream of webbing hits you but does no damage.
You are caught in a web!
There is a web here.
The web tears apart.
A ball python comes into view.
The ball python hisses angrily.
The ribbon worm expels a string of sticky webbing.
The stream of webbing hits you but does no damage.
You are caught in a web!
There is a web here.
The web tears apart.
You barely miss the ball python. The ball python bites you.
The ball python misses you.
You hit the ball python.
You kill the ball python!
Found a robe.
The ribbon worm expels a string of sticky webbing.
The stream of webbing hits you but does no damage.
You are caught in a web!
There is a web here.
The web tears apart.
You hit the ribbon worm but do no damage.
You completely miss the ribbon worm. The ribbon worm bites you.
Ouch! That really hurt!
* * * LOW HITPOINT WARNING * * *
You hit the ribbon worm.
The ribbon worm is lightly wounded.
The ribbon worm bites you.
Ouch! That really hurt!
You die...

,*,,,,,,,,*>* ##.###.#.#.###..#
,*,***,*,,,** ##................
,*,* *,**,** ##...###.#.#.###..#
,*,***,**,* ##....#...#.#...#...
,,,,,,,**,####...#.#.###.###.#..#
**,****,,,.....###........,,....#
,,,* *,*,*##..[.#...#.###**,#.##
**** *,*,**#.#..#..##,* *,#+#*
*,*,,*#,#.@w..#*,*****,,,,*
*,,,,,,,#.##..#*,,,,,,,,,,,
****,***#.*#...#*****,,,,,,
**,***#.,.....#******,,,,
*,,,,,..,.......,* *,,,, *****
*,,,,,####....###* **,,~ ***,,,*
**,**,* #.#.## ***~ *,+,,,*
**,**,* #.### ***~~ ,**,,,*
*^,**,* *,* **~~~~


You could see a ribbon worm.

Vanquished Creatures
  A dart slug (D:1)
  A ball python (D:2)
  An endoplasm (D:1)
  2 goblins
  2 hobgoblins
  A quokka (D:1)
  3 bats (D:1)
  3 frilled lizards (D:1)
  3 kobolds (D:1)
  2 rats
19 creatures vanquished.

Notes
Turn   | Place    | Note
-------+----------+-------------------------------------------
     0 | D:1      | ChrisAssaf the Human Shapeshifter began the quest for the
                  | Orb.
     0 | D:1      | Reached XP level 1. HP: 15/15 MP: 1/1
   154 | D:1      | Reached XP level 2. HP: 20/21 MP: 2/2
   680 | D:2      | HP: 1/31 [hobgoblin (3)]
   919 | D:2      | Slain by a ribbon worm

Illustrated notes

Levels and vault maps discovered:
D:1:      tarquinn_simple_flora_water_b, layout_loops_ring
D:2:      layout_loops_corners, basic_ecumenical_altar, grunt_ministairs_2,
          chequers_big_river, minmay_misc_feat_roman, uniq_jessica,
          uniq_crazy_yiuf_cottage

Action                     || total
---------------------------++-------
  Melee: Unarmed           ||    45
    Use: Scroll            ||     4
         Potion            ||     1
 Armour: Animal skin       ||    22
         Skin              ||     3
  Dodge: Dodged            ||    23
   Form: Blade             ||     1
